cohdb
Replays
Latest Replays
All Replays
Popular Replays
Top Player Replays
Match Explorer
How It Works
Community
CoH3 Stats
Reddit
Sign in to upload your games and track your stats! →
Sign in with Steam
Match 43692103
Unlisted
Match 43692103
Overview
Messages
Build Orders
End
Construct Weapon Support Center
Scout Squad
M1919 Machine Gun Team
Selects Airborne Battlegroup
Selects Pathfinders
Pathfinder Squad
M1919 Machine Gun Team
Bazooka Squad
Mechanized Support Center
Engineer Squad
Construct Motor Pool
Selects Paratrooper Squad Paradrop
M1919 Machine Gun Team
M8 Greyhound Armored Car
Designate Forward Repair Station
M24 Chaffee Light Tank
M1 Anti-tank Gun Team
Onoyk
TestingWarHead
0
0
Comments
sign in to comment!
No comments posted yet!